cohdb
Replays
Latest Replays
All Replays
Popular Replays
Top Player Replays
Match Explorer
How It Works
Community
CoH3 Stats
Reddit
Sign in to upload your games and track your stats! →
Sign in with Steam
Match 43800404
Unlisted
Match 43800404
Overview
Messages
Build Orders
End
Construct Barracks
Selects Advanced Infantry Battlegroup
Engineer Squad
1⁄4-ton 4x4 Truck
Riflemen Squad
Riflemen Squad
Selects Convert to Ranger Squad
Convert to Ranger Squad
Riflemen Squad
Selects Frontline Medical Station
Frontline Medical Station
Infantry Support Center
Grenade Package
Construct Motor Pool
Selects Infantry Assault
M24 Chaffee Light Tank
M24 Chaffee Light Tank
Infantry Assault
Survival Training
Engineer Squad
M24 Chaffee Light Tank
Selects Ammunition Storage
Selects M2A1 105mm Howitzer Emplacement
Infantry Assault
Selects 155mm Rapid Artillery Barrage
M24 Chaffee Light Tank
B1t
SkyCurv
ZELOT
kimgarchi
0
0
Comments
sign in to comment!
No comments posted yet!